AoeStats
← FoxStew

Golden Pit

508077135Analyzed
1v1 RM · 11d ago on Sep 20, 2026· 48m 15s· 2 players
Game mode
Random Map
Map size
Tiny (2 player)
Population
200
Speed
Normal
Resources
Standard
Victory
Conquest
Starting age
Dark Age
Ending age
Imperial Age
RankedLock teamsTeams togetherTeam positionsShared explorationLock speedFull tech treeHidden civsTurbo modeCheats
Victory
Defeat
🇬🇧 Slavs · United Kingdom
579
+17
🇺🇸 Gurjaras · United States
598
-17
FoxStew
12:03 Feudal Age
12:34 Horse Collar
12:42 Double-Bit Axe
14:41 Loom
19:52 Bloodlines
25:05 Castle Age
24:51 Scale Barding Armor
25:00 Forging
26:31 Husbandry
27:21 Bow Saw
27:16 Heavy Plow
31:10 Detinets
31:51 Wheelbarrow
35:36 Hand Cart
37:21 Iron Casting
37:06 Chain Barding Armor
36:38 Fletching
38:17 Ballistics
37:54 Murder Holes
38:20 Gold Mining
42:07 Imperial Age
40:19 Light Cavalry
42:58 Town Watch
44:33 Blast Furnace
47:47 Gold Shaft Mining
Mountain Drew
12:10 Feudal Age
17:04 Castle Age
15:26 Double-Bit Axe
17:01 Horse Collar
17:22 Stone Mining
18:12 Man-at-Arms
20:49 Long Swordsman
28:20 Forging
31:51 Bow Saw
32:54 Heavy Plow
33:31 Scale Mail Armor
36:17 Fletching
37:41 Padded Archer Armor
38:05 Town Watch
38:59 Treadmill Crane
43:35 Wheelbarrow
Connection lost

Rejoining the realm…

Still unreachable

The connection could not be restored.

Session expired

The server has moved on; the page needs a fresh start.